 Dungeon Crawl Stone Soup version 0.22-a0-460-g49b1da7 (webtiles) character file.

306 Cunctator the Digger (level 6, -1/32 HPs)
             Began as a Gargoyle Earth Elementalist on June 9, 2018.
             Slain by a gnoll
             ... wielding a cursed +0 spear
              (6 damage)
             ... on level 3 of the Dungeon.
             The game lasted 00:08:33 (2533 turns).

Cunctator the Digger (Gargoyle Earth Elementalist)  Turns: 2533, Time: 00:08:33

Health: -1/32      AC:  6    Str: 11    XL:     6   Next: 39%
Magic:  6/11       EV: 12    Int: 18    God:
Gold:   164        SH:  0    Dex: 10    Spells: 8/12 levels left

rFire    . . .     SeeInvis .   o - +0 mace
rCold    . . .     Gourm    .   (no shield)
rNeg     + . .     Faith    .   c - +0 robe
rPois    ∞         Spirit   .   (no helmet)
rElec    +         Reflect  .   (no cloak)
rCorr    .         Harm     .   (no gloves)
MR       .....                  (no boots)
Stlth    ++........             (no amulet)
HPRegen  0.10/turn              (no ring)
MPRegen  0.12/turn              (no ring)

@: no status effects
A: negative energy resistance 1, electricity resistance, unbreathing,
petrification resistance, rot immunity, AC +4
a: no special abilities


You were on level 3 of the Dungeon.
You were not hungry.

You visited 1 branch of the dungeon, and saw 3 of its levels.

You collected 164 gold pieces.

Inventory:

Hand Weapons
 e - a +0 club
 n - a +0 hunting sling
 o - a +0 mace (weapon)
Missiles
 b - 18 stones (quivered)
 l - 18 sling bullets
Armour
 c - a +0 robe (worn)
 j - a +0 buckler
 p - a +2 helmet
Scrolls
 g - 2 scrolls of identify {unknown}
 k - a scroll of remove curse {unknown}
 m - a scroll of fog {unknown}
Potions
 a - 4 potions of heal wounds {unknown}
 f - a potion of curing {unknown}
 h - a potion of cancellation {unknown}
Comestibles
 d - 3 rations
 i - 4 chunks of flesh


   Skills:
 - Level 1.6 Dodging
 - Level 3.0 Stealth
 + Level 3.9 Spellcasting
 + Level 1.3 Conjurations
   Level 0.7 Transmutations
 + Level 6.3 Earth Magic


You had 8 spell levels left.
You knew the following spells:

 Your Spells              Type           Power        Failure   Level  Hunger
a - Sandblast             Erth           ####..       1%          1    None
b - Stone Arrow           Conj/Erth      ###...       9%          3    ###....

Your spell library contained the following spells:

 Spells                   Type           Power        Failure   Level  Hunger
 Passwall                 Tmut/Erth      ###.....     5%          2    ##.....
 Lee's Rapid Deconstruct  Erth           ####......   30%         5    ######.
 Petrify                  Tmut/Erth      ###.....     34%         4    ####...


Dungeon Overview and Level Annotations

Branches:
Dungeon (3/15)

Altars:
Cheibriados
Makhleb
Yredelemnul
Zin

Annotations:
D:2 Terence


Innate Abilities, Weirdness & Mutations

You are resistant to torment.
Your stone body is resilient. (AC +4)
You are immune to poison.
You resist negative energy. (rN+)
You are resistant to electric shocks. (rElec)
You can survive without breathing.
You are immune to petrification.
You are immune to rotting.


Message History

Casting: Sandblast (safe; 1% risk of failure)
Confirm with . or Enter, or press ? or * to list all spells.
Aiming: Sandblast (safe; 1% risk of failure)
Press: ? - help, Shift-Dir - straight line, f - gnoll
Aim: a gnoll, wielding a spear The blast of sand hits the gnoll.
The gnoll is almost dead.
b - 19 stones The gnoll hits you from afar with a spear. x2
* * * LOW HITPOINT WARNING * * *
Casting: Sandblast (safe; 1% risk of failure)
Confirm with . or Enter, or press ? or * to list all spells.
Aiming: Sandblast (safe; 1% risk of failure)
Press: ? - help, Shift-Dir - straight line, f - gnoll, p - gnoll
Aim: a gnoll, wielding a spear The blast of sand hits the gnoll.
The gnoll is heavily wounded.
b - 18 stones The gnoll hits you from afar with a spear.
You die...

##.......##
#.........#
+.........+
#.........#
#.......#
#.....# #gg.#
#†# #@# #.#
##.## #####...##
.........##
.#........#
#.##..##.######.
#. #............
#.###.##.#######


You could see 2 gnolls.

Vanquished Creatures
  Sigmund (D:2)
  A hound (D:3)
  Robin (D:3)
  An adder (D:3)
  2 gnolls (D:3)
  An ooze (D:3)
  A dart slug (D:2)
  4 leopard geckos (D:2)
  2 orcs
  4 bats
  A giant cockroach (D:3)
  13 goblins
  9 hobgoblins
  2 jackals (D:2)
  6 kobolds
  2 quokkas
  4 rats
55 creatures vanquished.

Notes
Turn   | Place    | Note
-------+----------+-------------------------------------------
     0 | D:1      | Cunctator the Gargoyle Earth Elementalist began the quest for the Orb.
     0 | D:1      | Reached XP level 1. HP: 10/10 MP: 3/3
   271 | D:1      | Reached XP level 2. HP: 10/15 MP: 1/5
   865 | D:2      | Found a glowing silver altar of Zin.
   893 | D:2      | Noticed Sigmund
   935 | D:2      | Found a snail-covered altar of Cheibriados.
   955 | D:2      | Reached XP level 3. HP: 18/19 MP: 6/6
   975 | D:2      | Learned a level 3 spell: Stone Arrow
  1329 | D:2      | Noticed Terence
  1619 | D:2      | Reached skill level 4 in Earth Magic
  1776 | D:2      | Found a burning altar of Makhleb.
  1823 | D:2      | Found a basalt altar of Yredelemnul.
  2018 | D:2      | Killed Sigmund
  2018 | D:2      | Reached skill level 6 in Earth Magic
  2018 | D:2      | Reached XP level 4. HP: 15/24 MP: 0/9
  2018 | D:2      | Reached XP level 5. HP: 18/28 MP: 0/10
  2197 | D:3      | Reached XP level 6. HP: 29/32 MP: 5/11
  2301 | D:3      | Noticed Robin
  2318 | D:3      | Reached skill level 1 in Conjurations
  2326 | D:3      | Killed Robin
  2533 | D:3      | Slain by a gnoll

Vault maps used:
D:1:      dpeg_arrival_windows_large_door
D:2:      nicolae_overflow_crystal_walls, lightli_temple_of_fire, zin_statuary,
          lemuel_coloured_pillars_altar, uniq_terence, uniq_sigmund
D:3:      lemuel_round_altar, uniq_robin

Skill      XL: |  1  2  3  4  5  6 |
---------------+-------------------+-----
Stealth        | 3 |  3.0
Earth Magic    | 6 |  6.3
Spellcasting   | 3 |  3.9
Conjurations   | 1 |  1.3
Dodging        | |  1.6
Transmutations | |  0.7

Action                   |  1- 3 |  4- 6 || total
-------------------------+-------+-------++-------
Melee: Unarmed           |    14 |       ||    14
       Club              |   112 |     7 ||   119
       Mace              |       |    27 ||    27
 Cast: Sandblast         |    25 |    23 ||    48
       Stone Arrow       |     1 |     2 ||     3
 Stab: Sleeping          |     4 |       ||     4
  Eat: Chunk             |     1 |     2 ||     3
       Ration            |     1 |       ||     1
Armor: Robe              |    62 |    21 ||    83
Dodge: Dodged            |   113 |    42 ||   155

Table legend:
 A = Spawn XP
 B = Non-spawn XP
 C = Spawn XP percentage of total XP
 D = Spawn monster count
 E = Non-spawn monster count
 F = Spawn count percentage of total count
 G = Total turns spent on level
                    A         B        C        D         E        F      G
               +---------+---------+-------+---------+---------+-------+---------
         Total |       0 |     438 |   0.0 |       0 |      55 |   0.0 |  2533
               +---------+---------+-------+---------+---------+-------+---------
           D:1 |       0 |      25 |   0.0 |       0 |      15 |   0.0 |   917
           D:2 |       0 |     276 |   0.0 |       0 |      19 |   0.0 |  1234
           D:3 |       0 |     137 |   0.0 |       0 |      21 |   0.0 |   382
               +---------+---------+-------+---------+---------+-------+---------
